 Dungeon Crawl Stone Soup version 0.29.1-12-g30fa7ad0bf (webtiles) character file.

Game seed: 11423042040058729406

5997 mopl the Nimble (level 10, -11/82 HPs)
             Began as a Gnoll Monk on Jan 5, 2023.
             Was a High Priest of Kikubaaqudgha.
             Killed by divine providence
             ... invoked by an orc priest
              (13 damage)
             ... on level 9 of the Dungeon.
             The game lasted 00:19:08 (14939 turns).

mopl the Nimble (Gnoll Monk)                       Turns: 14939, Time: 00:19:09

Health: -11/82     AC:  2    Str: 14    XL:     10   Next: 85%
Magic:  18/18      EV: 14    Int: 11    God:    Kikubaaqudgha [*****.]
Gold:   435        SH:  0    Dex: 14    Spells: 7/20 levels left

rFire   . . .      SeeInvis .   b - +5 spear (freeze)
rCold   . . .      Faith    .   (no shield)
rNeg    . . .      Spirit   .   d - +0 ring mail
rPois   .          Reflect  .   x - +0 helmet
rElec   .          Harm     .   (no cloak)
rCorr   .          Rampage  .   O - +2 pair of gloves
Will    .....                   (no boots)
Stlth   +++.......              (no amulet)
HPRegen 0.23/turn               (no ring)
MPRegen 0.16/turn               (no ring)

@: corroded, studying Shields
A: fangs 1, strong nose, distributed training
a: Renounce Religion, Unearth Wretches, Torment


You were on level 9 of the Dungeon.
You worshipped Kikubaaqudgha.
Kikubaaqudgha was extremely pleased with you.
You visited 1 branch of the dungeon, and saw 9 of its levels.
You also visited: Sewer.

You collected 630 gold pieces.
You spent 195 gold pieces at shops.

Inventory:

Hand Weapons
 a - a +1 spear of venom
 b - a +5 spear of freezing (weapon)
 h - a +5 vorpal shortbow
 k - a +2 hand axe of freezing
 u - a +2 whip of draining
 S - a +1 vorpal spear
 W - a +3 scimitar of flaming
Missiles
 t - 14 poisoned darts (quivered)
 z - 6 boomerangs
 E - 3 throwing nets
 K - 3 silver boomerangs
 L - 2 curare-tipped darts
Armour
 d - a +0 ring mail (worn)
 j - a +0 chain mail
 x - a +0 helmet (worn)
 O - a +2 pair of gloves (worn)
Magical Staves
 f - a staff of fire
 i - a staff of cold
 p - a staff of air
Jewellery
 M - a ring of ice
Wands
 s - a wand of iceblast (5)
 Q - a wand of light (27)
 U - a wand of polymorph (3)
 X - a wand of flame (15)
Scrolls
 e - a scroll of torment {unknown}
 g - 4 scrolls of fog {unknown}
 l - 3 scrolls of blinking {unknown}
 m - 2 scrolls of amnesia {unknown}
 v - a scroll of summoning {unknown}
 y - 2 scrolls of enchant armour {unknown}
 A - a scroll of acquirement {unknown}
 B - 3 scrolls of vulnerability {unknown}
 C - 2 scrolls of teleportation
 D - 2 scrolls of fear {unknown}
 G - 2 scrolls of enchant weapon
 H - 2 scrolls of poison
 J - 4 scrolls of immolation
 N - a scroll of brand weapon {unknown}
Potions
 c - 2 potions of ambrosia
 n - 4 potions of curing
 o - 3 potions of heal wounds
 q - 3 potions of lignification {!q}
 r - 3 potions of cancellation
 w - 2 potions of brilliance
 F - 4 potions of might
 I - a potion of berserk rage {!q}
 P - a potion of haste
 T - a potion of resistance
 V - a potion of flight


   Skills:
 + Level 8.9 Fighting
 + Level 5.9 Short Blades
 + Level 5.9 Long Blades
 + Level 5.9 Axes
 + Level 8.9 Maces & Flails
 + Level 5.9 Polearms
 + Level 5.9 Staves
 + Level 5.9 Ranged Weapons
 + Level 5.9 Throwing
 + Level 5.9 Armour
 + Level 8.9 Dodging
 + Level 7.3 Stealth
 + Level 6.5 Shields
 + Level 5.9 Unarmed Combat
 + Level 5.9 Spellcasting
 + Level 4.8 Conjurations
 + Level 4.8 Hexes
 + Level 4.8 Summonings
 + Level 4.8 Necromancy
 + Level 4.8 Translocations
 + Level 4.8 Transmutations
 + Level 4.8 Fire Magic
 + Level 4.8 Ice Magic
 + Level 4.8 Air Magic
 + Level 4.8 Earth Magic
 + Level 4.8 Poison Magic
 + Level 6.4 Invocations
 + Level 5.9 Evocations


You had 7 spell levels left.
You knew the following spells:

 Your Spells              Type           Power      Damage    Failure   Level
a - Anguish               Hex/Necr       6%         N/A       45%         4
b - Vampiric Draining     Necr           13%        2d6       16%         3
c - Corpse Rot            Necr/Pois/Air  13%        N/A       45%         4
w - Wereblood             Tmut           13%        N/A       8%          2

Your spell library contained the following spells:

 Spells                   Type           Power      Damage    Failure   Level
 Foxfire                  Conj/Fire      52%        2x1d6     4%          1
 Necrotise                Necr           52%        1d6       4%          1
 Static Discharge         Conj/Air       13%        3-5/arc   8%          2
 Sublimation of Blood     Necr           13%        N/A       8%          2
 Conjure Flame            Conj/Fire      13%        6-21      16%         3
 Gell's Gravitas          Tloc           13%        N/A       16%         3
 Inner Flame              Hex/Fire       13%        N/A       16%         3
 Lesser Beckoning         Tloc           13%        N/A       16%         3
 Teleport Other           Tloc           13%        N/A       16%         3
 Animate Dead             Necr           13%        N/A       45%         4
 Dispel Undead            Necr           13%        3d9       45%         4
 Flame Wave               Conj/Fire      13%        2d6       45%         4
 Sticky Flame             Conj/Fire      13%        2d4       45%         4
 Agony                    Necr           13%        N/A       80%         5
 Blade Hands              Tmut           6%         N/A       80%         5
 Irradiate                Conj/Tmut      6%         3d13      80%         5
 Death Channel            Necr           6%         N/A       100%        6
 Simulacrum               Ice/Necr       6%         N/A       100%        6
 Dragon Form              Tmut           6%         N/A       100%        7
 Summon Hydra             Summ           6%         N/A       100%        7


Dungeon Overview and Level Annotations

Branches:
Dungeon (9/15)             Temple (0/1) D:6           Sewer (visited)
   Lair: D:8-11         Orc: D:9-12

Altars:
Elyvilon
Fedhas
Gozag
Kikubaaqudgha
Makhleb
Qazlal
Trog
Yredelemnul
Zin

Shops:
D:1 *   D:4 (

Annotations:
D:5 3 runed translucent doors, p0werm0de's ghost, weakling OpDe


Innate Abilities, Weirdness & Mutations

You have very sharp teeth.
Your uncanny sense of smell can sniff out nearby items.
Your experience applies equally to all skills.


Message History

The acid dragon bites you.
The acid dragon claws you but does no damage.
The orc priest hits you but does no damage.
You hit the orc priest. You freeze the orc priest.
You bite the orc priest, but do no damage.
The orc priest is almost dead.
The acid dragon bites you but does no damage.
The acid dragon misses you.
You hit the orc warrior but do no damage.
Your punch misses the orc warrior. You puncture the orc warrior!
You freeze the orc warrior.
The orc warrior is heavily wounded.
The acid dragon misses you. The acid dragon barely misses you.
The orc priest mumbles some strange prayers to Beogh against you.
Beogh smites you!
You hit the orc warrior but do no damage.
You bite the orc warrior, but do no damage.
The orc warrior is heavily wounded.
The acid dragon bites you. The acid dragon claws you.
The orc warrior hits you with a +0 war axe!
You are too injured to fight recklessly!
Unknown command.
As you read the scroll labelled RAALIT UFRI, it crumbles to dust.
The creatures around you are filled with an inner flame!
It was a scroll of immolation.
The acid dragon spits acid at you. The splash of acid hits you!
* * * LOW HITPOINT WARNING * * *
The acid corrodes you!
The orc priest attacks as you move away!
The orc priest hits you with a +0 dagger.
* * * LOW HITPOINT WARNING * * *
The acid dragon spits acid at you. The splash of acid hits you!
* * * LOW HITPOINT WARNING * * *
The acid corrodes you! The orc warrior misses you.
The orc priest calls down the wrath of Beogh upon you.
Beogh smites you!
You die...
Kikubaaqudgha rasps: "You have failed me!
Welcome... death!"

#.......##.# ........#
#[.......... #.......#
#.......##.# #..<....#
#.......#### #.......#
##.......##..
#.......#.######...##).
###........ #...##รท~
......oo.## #....###
#oD.@.########...####
#o###.##.............
.. #................
... #.#..............
... ...#.#####....#.##
.. ....##.# #........ #
#.##. #.# #..))#.## #
#. #.# #....#.# .. ..#
#....#.#


You could see an orc warrior (inner flame), an acid dragon (inner flame,
catching breath), an orc priest (inner flame), an orc wizard and an orc (inner
flame).

Vanquished Creatures
  A two-headed ogre (D:9)
  Psyche (D:8)
  A merfolk (D:9)
  A wyvern (D:8)
  4 water moccasins
  An orc warrior (D:6)
  A black bear (D:7)
  2 hornet zombies (D:8)
  Pargi (Sewer)
  An ogre (D:6)
  3 centaurs
  2 kobold brigands
  A phantom (D:5)
  4 scorpions
  A gnoll sergeant (D:5)
  2 wyvern zombies (D:8)
  3 bullfrogs
  3 necrophages
  6 wights (D:8)
  2 howler monkeys
  A lava snake (D:8)
  2 centaur zombies (D:8)
  5 hounds
  A human zombie (D:8)
  5 jellies
  5 orc priests
  3 gnoll boudas
  6 iguanas
  8 orc wizards
  A killer bee zombie (D:8)
  2 mummies (D:8)
  A howler monkey zombie (D:8)
  18 gnolls
  13 adders
  A river rat (D:4)
  A white imp (D:8)
  5 worms
  4 dart slugs
  32 orcs
  8 bats
  8 endoplasms
  4 giant cockroaches
  12 goblins
  10 hobgoblins
  8 jackals
  7 quokkas
  3 training dummies (D:4)
  11 ball pythons
  6 frilled lizards
  20 kobolds
  7 rats
259 creatures vanquished.

Vanquished Creatures (others)
  Erica (D:9)
  A plant (D:5)
2 creatures vanquished.

Grand Total: 261 creatures vanquished

Notes
Turn   | Place    | Note
-------+----------+-------------------------------------------
     0 | D:1      | mopl the Gnoll Monk began the quest for the Orb.
     0 | D:1      | Reached XP level 1. HP: 23/23 MP: 1/1
   103 | D:1      | Reached XP level 2. HP: 29/29 MP: 2/2
   143 | D:1      | Found Cac Fimm's General Store.
   182 | D:1      | Bought a scroll of identify for 20 gold pieces
   300 | D:1      | Found a faded altar of an unknown god.
   311 | D:1      | Prayed at the altar of an unknown god.
   311 | D:1      | Became a worshipper of Kikubaaqudgha
   311 | D:1      | Reached * piety under Kikubaaqudgha
   311 | D:1      | Received a gift from Kikubaaqudgha
   311 | D:1      | Reached ** piety under Kikubaaqudgha
   490 | D:1      | Reached XP level 3. HP: 35/35 MP: 3/3
   610 | D:1      | Reached *** piety under Kikubaaqudgha
   610 | D:1      | Received a gift from Kikubaaqudgha
   669 | D:1      | Reached skill level 1 in Invocations
   778 | D:1      | Bought a potion of curing for 30 gold pieces
   805 | D:2      | Reached skill level 1 in Short Blades
   805 | D:2      | Reached skill level 1 in Long Blades
   805 | D:2      | Reached skill level 1 in Axes
   805 | D:2      | Reached skill level 1 in Polearms
   805 | D:2      | Reached skill level 1 in Staves
   805 | D:2      | Reached skill level 1 in Ranged Weapons
   805 | D:2      | Reached skill level 1 in Throwing
   805 | D:2      | Reached skill level 1 in Armour
   805 | D:2      | Reached skill level 1 in Shields
   805 | D:2      | Reached skill level 1 in Unarmed Combat
   805 | D:2      | Reached skill level 1 in Spellcasting
   805 | D:2      | Reached skill level 1 in Evocations
   947 | D:1      | Reached XP level 4. HP: 29/41 MP: 5/5
  1128 | D:2      | Reached skill level 1 in Conjurations
  1128 | D:2      | Reached skill level 1 in Hexes
  1128 | D:2      | Reached skill level 1 in Summonings
  1128 | D:2      | Reached skill level 1 in Necromancy
  1128 | D:2      | Reached skill level 1 in Translocations
  1128 | D:2      | Reached skill level 1 in Transmutations
  1128 | D:2      | Reached skill level 1 in Fire Magic
  1128 | D:2      | Reached skill level 1 in Ice Magic
  1128 | D:2      | Reached skill level 1 in Air Magic
  1128 | D:2      | Reached skill level 1 in Earth Magic
  1128 | D:2      | Reached skill level 1 in Poison Magic
  1362 | D:2      | Learned a level 3 spell: Vampiric Draining
  1489 | D:2      | Reached XP level 5. HP: 25/47 MP: 5/7
  1720 | D:2      | Reached **** piety under Kikubaaqudgha
  2764 | D:3      | Reached skill level 2 in Invocations
  3349 | D:4      | Reached XP level 6. HP: 48/53 MP: 8/8
  3383 | D:4      | Found a glowing drain.
  3392 | Sewer    | Entered a sewer
  3569 | Sewer    | Noticed Pargi
  3585 | Sewer    | Killed Pargi
  3586 | Sewer    | Reached skill level 2 in Short Blades
  3586 | Sewer    | Reached skill level 2 in Long Blades
  3586 | Sewer    | Reached skill level 2 in Axes
  3586 | Sewer    | Reached skill level 2 in Polearms
  3586 | Sewer    | Reached skill level 2 in Staves
  3586 | Sewer    | Reached skill level 2 in Ranged Weapons
  3586 | Sewer    | Reached skill level 2 in Throwing
  3586 | Sewer    | Reached skill level 2 in Armour
  3586 | Sewer    | Reached skill level 2 in Shields
  3586 | Sewer    | Reached skill level 2 in Unarmed Combat
  3586 | Sewer    | Reached skill level 2 in Spellcasting
  3586 | Sewer    | Reached skill level 2 in Evocations
  3866 | Sewer    | Reached ***** piety under Kikubaaqudgha
  4372 | D:4      | Reached skill level 7 in Fighting
  4372 | D:4      | Reached skill level 7 in Maces & Flails
  4372 | D:4      | Reached skill level 7 in Dodging
  4372 | D:4      | Reached XP level 7. HP: 47/60 MP: 10/10
  4384 | D:4      | Found Ohiaph's Firing Range.
  4683 | D:5      | Entered Level 5 of the Dungeon
  4887 | D:5      | Reached skill level 2 in Conjurations
  4887 | D:5      | Reached skill level 2 in Hexes
  4887 | D:5      | Reached skill level 2 in Summonings
  4887 | D:5      | Reached skill level 2 in Necromancy
  4887 | D:5      | Reached skill level 2 in Translocations
  4887 | D:5      | Reached skill level 2 in Transmutations
  4887 | D:5      | Reached skill level 2 in Fire Magic
  4887 | D:5      | Reached skill level 2 in Ice Magic
  4887 | D:5      | Reached skill level 2 in Air Magic
  4887 | D:5      | Reached skill level 2 in Earth Magic
  4887 | D:5      | Reached skill level 2 in Poison Magic
  5093 | D:5      | Reached skill level 5 in Stealth
  5122 | D:5      | Reached skill level 3 in Invocations
  5324 | D:5      | Found a bloodstained altar of Trog.
  5324 | D:5      | Found a burning altar of Makhleb.
  5326 | D:5      | Found an opulent altar of Gozag.
  5326 | D:5      | Found a blossoming altar of Fedhas.
  5329 | D:5      | Found a glowing silver altar of Zin.
  5527 | D:1      | Bought a scroll of enchant weapon for 75 gold pieces
  5527 | D:1      | Bought a scroll of teleportation for 30 gold pieces
  5527 | D:1      | Bought a scroll of poison for 40 gold pieces
  5754 | D:5      | Found a runed translucent gate.
  5755 | D:5      | Found a runed translucent gate.
  5755 | D:5      | Found a runed translucent gate.
  5755 | D:5      | Noticed p0werm0de's ghost (weakling OpDe)
  5815 | D:5      | Reached skill level 3 in Short Blades
  5815 | D:5      | Reached skill level 3 in Long Blades
  5815 | D:5      | Reached skill level 3 in Axes
  5815 | D:5      | Reached skill level 3 in Polearms
  5815 | D:5      | Reached skill level 3 in Staves
  5815 | D:5      | Reached skill level 3 in Ranged Weapons
  5815 | D:5      | Reached skill level 3 in Throwing
  5815 | D:5      | Reached skill level 3 in Armour
  5815 | D:5      | Reached skill level 3 in Shields
  5815 | D:5      | Reached skill level 3 in Unarmed Combat
  5815 | D:5      | Reached skill level 3 in Spellcasting
  5815 | D:5      | Reached skill level 3 in Evocations
  5821 | D:5      | Reached XP level 8. HP: 40/65 MP: 12/12
  5952 | D:5      | Learned a level 2 spell: Wereblood
  6508 | D:5      | Found a white marble altar of Elyvilon.
  7275 | D:6      | Reached skill level 4 in Invocations
  7435 | D:6      | Reached skill level 3 in Conjurations
  7435 | D:6      | Reached skill level 3 in Hexes
  7435 | D:6      | Reached skill level 3 in Summonings
  7435 | D:6      | Reached skill level 3 in Necromancy
  7435 | D:6      | Reached skill level 3 in Translocations
  7435 | D:6      | Reached skill level 3 in Transmutations
  7435 | D:6      | Reached skill level 3 in Fire Magic
  7435 | D:6      | Reached skill level 3 in Ice Magic
  7435 | D:6      | Reached skill level 3 in Air Magic
  7435 | D:6      | Reached skill level 3 in Earth Magic
  7435 | D:6      | Reached skill level 3 in Poison Magic
  8173 | D:6      | Reached XP level 9. HP: 40/73 MP: 14/14
  8351 | D:6      | Reached skill level 4 in Short Blades
  8351 | D:6      | Reached skill level 4 in Long Blades
  8351 | D:6      | Reached skill level 4 in Axes
  8351 | D:6      | Reached skill level 4 in Polearms
  8351 | D:6      | Reached skill level 4 in Staves
  8351 | D:6      | Reached skill level 4 in Ranged Weapons
  8351 | D:6      | Reached skill level 4 in Throwing
  8351 | D:6      | Reached skill level 4 in Armour
  8351 | D:6      | Reached skill level 4 in Shields
  8351 | D:6      | Reached skill level 4 in Unarmed Combat
  8351 | D:6      | Reached skill level 4 in Spellcasting
  8351 | D:6      | Reached skill level 4 in Evocations
  8444 | D:6      | Found a staircase to the Ecumenical Temple.
  8692 | D:6      | Reached skill level 6 in Stealth
  8925 | D:6      | Learned a level 4 spell: Anguish
  8930 | D:6      | Learned a level 4 spell: Corpse Rot
  9950 | D:7      | Reached skill level 8 in Fighting
  9950 | D:7      | Reached skill level 8 in Maces & Flails
  9950 | D:7      | Reached skill level 8 in Dodging
 10381 | D:7      | Reached skill level 5 in Invocations
 10819 | D:7      | Found a stormy altar of Qazlal.
 11150 | D:8      | Reached skill level 4 in Conjurations
 11150 | D:8      | Reached skill level 4 in Hexes
 11150 | D:8      | Reached skill level 4 in Summonings
 11150 | D:8      | Reached skill level 4 in Necromancy
 11150 | D:8      | Reached skill level 4 in Translocations
 11150 | D:8      | Reached skill level 4 in Transmutations
 11150 | D:8      | Reached skill level 4 in Fire Magic
 11150 | D:8      | Reached skill level 4 in Ice Magic
 11150 | D:8      | Reached skill level 4 in Air Magic
 11150 | D:8      | Reached skill level 4 in Earth Magic
 11150 | D:8      | Reached skill level 4 in Poison Magic
 11327 | D:8      | Found a basalt altar of Yredelemnul.
 11723 | D:8      | Reached skill level 5 in Short Blades
 11723 | D:8      | Reached skill level 5 in Long Blades
 11723 | D:8      | Reached skill level 5 in Axes
 11723 | D:8      | Reached skill level 5 in Polearms
 11723 | D:8      | Reached skill level 5 in Staves
 11723 | D:8      | Reached skill level 5 in Ranged Weapons
 11723 | D:8      | Reached skill level 5 in Throwing
 11723 | D:8      | Reached skill level 5 in Armour
 11723 | D:8      | Reached skill level 5 in Shields
 11723 | D:8      | Reached skill level 5 in Unarmed Combat
 11723 | D:8      | Reached skill level 5 in Spellcasting
 11723 | D:8      | Reached skill level 5 in Evocations
 11723 | D:8      | Reached XP level 10. HP: 22/81 MP: 17/17
 12168 | D:8      | Noticed Psyche
 12208 | D:8      | Killed Psyche
 13806 | D:9      | Noticed a two-headed ogre
 13818 | D:9      | Killed a two-headed ogre
 13819 | D:9      | Reached skill level 7 in Stealth
 13819 | D:9      | Reached skill level 6 in Invocations
 13853 | D:9      | HP: 3/82 [merfolk/+0 spear (11)]
 13855 | D:9      | Reached skill level 6 in Shields
 14198 | D:9      | Noticed Erica
 14222 | D:9      | Killed Erica
 14939 | D:9      | HP: 2/82 [acid dragon/splash of acid (14)]
 14939 | D:9      | Killed from afar by an orc priest

Illustrated notes

Levels and vault maps discovered:
D:1:      mrwooster_arrival_statue_3, layout_basic, serial_shops,
          nicolae_diamond_shop, ebering_ecumenical_altar_rust,
          palyth_stone_intersect
D:2:      layout_rooms, minmay_mini_jars
D:3:      layout_basic
D:4:      layout_cave_pods, cheibrodos_sewer_entry_sluice,
          nicolae_shop_firing_range
D:5:      minmay_clustersquares, layout_basic, nicolae_elyvilon_peaceful_grove,
          grunt_temple_overflow_open, biasface_ghost_orc_armoury,
          serial_bayou_crossing
D:6:      wad_crossroads, layout_loops_corners, minmay_temple_entry_arrows
D:7:      layout_basic, nicolae_qazlal_scattered_showers,
          kennysheep_generic_room_15
D:8:      layout_layer_cave, lemuel_mausoleum_altar_yredelemnul,
          nicolae_kite_square_tiling_tiny, nicolae_two_hexagons,
          dreamdust_mushroom_princess, eino_tiny_chamber,
          minmay_manual_mandibuliform, uniq_psyche
D:9:      layout_loops_cross, serial_bayou_pond_d, hangedman_fish_farm,
          uniq_erica

Skill      XL: |  1  2  3  4  5  6  7  8  9 10 |
---------------+-------------------------------+-----
Invocations    | 1 2 3 4 5 6 |  6.4
Short Blades   | 1 2 3 5 |  5.9
Long Blades    | 1 2 3 5 |  5.9
Axes           | 1 2 3 5 |  5.9
Polearms       | 1 2 3 5 |  5.9
Staves         | 1 2 3 5 |  5.9
Ranged Weapons | 1 2 3 5 |  5.9
Throwing       | 1 2 3 5 |  5.9
Armour         | 1 2 3 5 |  5.9
Shields        | 1 2 3 5 6 |  6.5
Unarmed Combat | 1 2 3 5 |  5.9
Spellcasting   | 1 2 3 5 |  5.9
Evocations     | 1 2 3 5 |  5.9
Conjurations   | 1 2 3 4 |  4.8
Hexes          | 1 2 3 4 |  4.8
Summonings     | 1 2 3 4 |  4.8
Necromancy     | 1 2 3 4 |  4.8
Translocations | 1 2 3 4 |  4.8
Transmutations | 1 2 3 4 |  4.8
Fire Magic     | 1 2 3 4 |  4.8
Ice Magic      | 1 2 3 4 |  4.8
Air Magic      | 1 2 3 4 |  4.8
Earth Magic    | 1 2 3 4 |  4.8
Poison Magic   | 1 2 3 4 |  4.8
Fighting       | 7 8 |  8.9
Maces & Flails | 7 8 |  8.9
Dodging        | 7 8 |  8.9
Stealth        | 5 6 7 |  7.3

Action                   |  1- 3 |  4- 6 |  7- 9 | 10-12 || total
-------------------------+-------+-------+-------+-------++-------
Melee: Mace              |    31 |       |       |       ||    31
       Bite              |     5 |    28 |    89 |    15 ||   137
       Hand axe          |    55 |    95 |       |       ||   150
       Punch             |     1 |     5 |    22 |    13 ||    41
       Spear             |       |   131 |   663 |   178 ||   972
Throw: Dart              |       |       |     8 |     7 ||    15
 Cast: Vampiric Draining |       |       |     4 |     6 ||    10
Evoke: Wand              |       |       |     2 |       ||     2
  Use: Potion            |       |     1 |     3 |     1 ||     5
       Scroll            |       |       |     8 |     3 ||    11
 Stab: Sleeping          |     3 |    15 |    17 |     4 ||    39
       Distracted        |       |     2 |     1 |       ||     3
Armor: Ring mail         |    35 |    63 |   156 |    27 ||   281
Dodge: Dodged            |    62 |   149 |   330 |    75 ||   616
